 Dungeon Crawl Stone Soup version 0.17-a0-1409-ge6d9485 (webtiles) character file.

80 urechis the Poker (level 4, 0/33 HPs)
             Began as a Merfolk Skald on June 22, 2015.
             Succumbed to Crazy Yiuf's poison
             ... on level 2 of the Dungeon.
             The game lasted 00:11:56 (3271 turns).

urechis the Poker (Merfolk Skald)                   Turns: 3271, Time: 00:11:56

Health: 0/33       AC:  7    Str: 12    XL:     4   Next: 39%
Magic:  5/7        EV: 11    Int: 11    God:
Gold:   134        SH:  0    Dex: 14    Spells: 1 memorised, 6 levels left

rFire  . . .     SeeInvis .     a - +0 spear
rCold  . . .     Clarity  .     b - +0 leather armour
rNeg   . . .     SustAt   .     (no shield)
rPois  .         Gourm    .     p - +0 helmet
rElec  .         Spirit   .     (no cloak)
rCorr  .         Warding  .     g - +2 pair of gloves
rMut   .         Stasis   .     (no boots)
MR     .....                    (no amulet)
Stlth  +.........               (no ring)
                                (no ring)

@: lethally poisoned (0 -> -7), infused (expiring), not resistant to hostile
enchantments, very unstealthy
A: change form in water, swift swim
a: no special abilities


You were on level 2 of the Dungeon.
You were not hungry.

You visited 1 branch of the dungeon, and saw 2 of its levels.

You collected 134 gold pieces.

Inventory:

Hand weapons
 a - a +0 spear (weapon)
Missiles
 k - 2 throwing nets (quivered)
Armour
 b - a +0 leather armour (worn)
 g - a +2 pair of gloves (worn)
 p - a +0 helmet (worn)
Scrolls
 e - 4 scrolls of identify {unknown}
 h - 3 scrolls of teleportation {unknown}
 m - 2 scrolls of remove curse {unknown}
 n - a scroll of amnesia {unknown}
Potions
 i - 2 potions of brilliance
 l - a potion of cure mutation
Books
 c - a book of Battle

   Spells                             Type                      Level
   a - Infusion                       Charms                       1
   b - Shroud of Golubria             Charms/Translocation         2
   c - Song of Slaying                Charms                       2
   d - Spectral Weapon                Hexes/Charms                 3
   e - Regeneration                   Charms/Necromancy            3
Comestibles
 d - a bread ration


   Skills:
 - Level 2.1 Fighting
 + Level 6.6 Polearms
 - Level 0.6 Armour
 - Level 1.3 Dodging
 - Level 2.0 Spellcasting
 - Level 3.2 Charms


You had 6 spell levels left.
You knew the following spells:

 Your Spells              Type           Power        Failure   Level  Hunger
a - Infusion              Chrm           #.....       12%         1    ##.....


Dungeon Overview and Level Annotations

Branches:
Dungeon (2/15)

Altars:

Annotations:
D:2 Crazy Yiuf


Message History

You feel sick. Crazy Yiuf barely misses you.
You closely miss Crazy Yiuf.
Crazy Yiuf is almost dead.
Your magical infusion is running out.
Your leather armour prevents you from hitting Crazy Yiuf.
Crazy Yiuf is almost dead.
You feel sick.
Crazy Yiuf hits you with a quarterstaff of chaos!
* * * LOW HITPOINT WARNING * * *
You hit Crazy Yiuf but do no damage.
Crazy Yiuf is almost dead.
Your surroundings suddenly seem different.
Drink which item? (? for menu, Esc to quit)
It was a potion of cure mutation.
It has a very clean taste.
* * * LOW HITPOINT WARNING * * *
You feel sick.
Unknown command.
* * * LOW HITPOINT WARNING * * *
You feel sick.
You die...

...........###.# #.#
.#####...##....# #.# .#
##.###.##.# #.# .# #.#
#.##.######## #.# .#
##.###.##........# #.# .#
##...#.#.########.# #.# .#
##.....###.## #.# ####.#
.###.....## ##.### #.# ##....#
........## ##.@# #.#####.....#
.###.....## ##.#.# #............
.##.......###.##.##########......
.........#.#............####...#.
###.######...............####.##.
#.# #####.....####g.......#. #.#
#####.#.#.####........#. #.#
#...........####.####.#. #.#
#.###.#.#.#.####.## #.#.


There were no monsters in sight!

Vanquished Creatures
  Robin (D:2)
  4 adders (D:2)
  A giant gecko (D:2)
  3 giant cockroaches (D:2)
  5 hobgoblins
  3 jackals (D:1)
  A kobold (D:1)
  2 bats
  A giant newt (D:1)
  9 goblins
  2 rats (D:1)
32 creatures vanquished.

Notes
Turn   | Place    | Note
--------------------------------------------------------------
     0 | D:1      | urechis the Merfolk Skald began the quest for the Orb.
     0 | D:1      | Reached XP level 1. HP: 16/16 MP: 3/3
   403 | D:1      | Reached skill level 4 in Polearms
   403 | D:1      | Reached XP level 2. HP: 22/22 MP: 5/5
   837 | D:2      | Found a faded altar to an unknown god.
   853 | D:2      | Reached skill level 5 in Polearms
   853 | D:2      | Reached XP level 3. HP: 27/27 MP: 6/6
  1030 | D:2      | Noticed Robin
  1040 | D:2      | Killed Robin
  1172 | D:2      | Reached skill level 6 in Polearms
  1177 | D:2      | Reached XP level 4. HP: 4/33 MP: 7/7
  1700 | D:2      | Noticed Crazy Yiuf
  3270 | D:2      | HP: 1/33 [poisoned by Crazy Yiuf]
  3271 | D:2      | Succumbed to Crazy Yiuf's poison

Vault maps used:
D:1:      minmay_arrival_jagged, kennysheep_flooded_box
D:2:      ecumenical_altar_2, first_bread, grunt_ministairs_13,
          grunt_decor_one_mirror, uniq_robin, uniq_crazy_yiuf_cottage

Action                   |  1- 3 |  4- 6 || total
-------------------------+-------+-------++-------
Melee: Spear             |   128 |    72 ||   200
 Cast: Infusion          |     1 |     4 ||     5
  Use: Potion            |     3 |     1 ||     4
 Stab: Sleeping          |     2 |       ||     2
  Eat: Chunk             |     1 |     2 ||     3
       Bread ration      |       |     1 ||     1
